 Dungeon Crawl Stone Soup version 0.30-a0-967-g9b59a09336 (webtiles) character file.

Game seed: 17012527405896686321

82 112233 the Grave Robber (level 4, 30/30 HPs)
             Began as a Demonspawn Necromancer on Mar 31, 2023.
             Got out of the dungeon alive.
             The game lasted 00:01:58 (2288 turns).

112233 the Grave Robber (Demonspawn Necromancer)    Turns: 2288, Time: 00:01:59

Health: 30/30      AC:  4    Str:  8    XL:     4   Next: 21%
Magic:  9/9        EV: 12    Int: 18    God:
Gold:   111        SH:  0    Dex: 14    Spells: 9/10 levels left

rFire   . . .      SeeInvis .    g - +0 dagger (venom)
rCold   . . .      Faith    .    (no shield)
rNeg    . . .      Spirit   .    a - +0 robe
rPois   .          Reflect  .    (helmet restricted)
rElec   .          Rampage  .    (no cloak)
rCorr   .                        (no gloves)
Will    .....                    (no boots)
Stlth   ++                       (no amulet)
HPRegen 0.25/turn                (no ring)
MPRegen 0.11/turn                (no ring)

@: no status effects
A: antennae 1, slimy green scales 1, powered by pain 1
a: no special abilities


You escaped.
You visited 1 branch of the dungeon, and saw 2 of its levels.

You collected 111 gold pieces.

Inventory:

Hand Weapons
 c - a +0 whip
 g - a +0 dagger of venom (weapon)
Armour
 a - a +0 robe (worn)
Jewellery
 k - a ring of magical power
Wands
 j - a wand of light (10)
Scrolls
 d - 2 scrolls of amnesia {unknown}
 e - a scroll of identify {unknown}
 f - a scroll of fog {unknown}
 h - a scroll of vulnerability {unknown}
 l - a scroll of teleportation {unknown}
Potions
 b - a potion of magic
 i - a potion of curing {unknown}


   Skills:
 - Level 2.0 Dodging
 - Level 2.0 Stealth
 + Level 3.9 Spellcasting
 - Level 4.5 Necromancy


You had 9 spell levels left.
You knew the following spells:

 Your Spells              Type           Power      Damage    Failure   Level
a - Necrotise             Necr           76%        1d7       2%          1

Your spell library contained the following spells:

 Spells                   Type           Power      Damage    Failure   Level
 Vampiric Draining        Necr           19%        2d7       7%          3
 Animate Dead             Necr           19%        N/A       22%         4
 Agony                    Necr           19%        N/A       54%         5


Dungeon Overview and Level Annotations

Branches:
Dungeon (2/15)

Altars:


Innate Abilities, Weirdness & Mutations

You have a pair of small antennae on your head.
You are partially covered in slimy green scales. (AC +2)
You sometimes gain a little power by taking damage.


Message History

The quokka closely misses you.
A quokka is nearby!
You closely miss the quokka. The quokka barely misses you.
You hit the quokka.
The quokka is moderately wounded.
The quokka barely misses you.
You barely miss the quokka.
The quokka is moderately wounded.
The quokka misses you.
The quokka bites you but does no damage.
You barely miss the quokka.
The quokka is moderately wounded.
The quokka bites you but does no damage.
You closely miss the quokka.
The quokka is moderately wounded.
The quokka bites you.
(D) Dungeon
Where to? (Enter - D:2, ? - help)
A quokka is nearby!
Unknown command.
Unknown command.
You hit the quokka.
The quokka is poisoned.
The quokka is severely wounded.
The quokka bites you but does no damage.
You hit the quokka but do no damage.
The quokka is severely wounded.
You kill the quokka!
You see here a quokka corpse.
(D) Dungeon
Where to? (Enter - D:1, ? - help)
There is a stone staircase leading up here.
You climb upwards.
There is a stone staircase leading down here.
Unknown command.
There is an open door here.
You enter the shallow water.
Moving in this stuff is going to be slow.
There is a staircase leading out of the dungeon here.
Are you sure you want to leave the Dungeon?
This will make you lose the game!
You have escaped!

........##......#.# #....#..#....
........+.......#.# #....##.#####
........#########.###....##.####
..................#......##....#
.........#####################.##
.................................
........#######################.#
################## #.#
##..#.~.P@# #.. #####...~~..~.#
#############.
###........~.~~~###.............
##.....~~.....~P~#.#.############
#P....P≈~.P..P.PP#.#.......##
#P....~..~.......#..........#
.~....P...P......#.#........#
....P...........P#.#.#......#
.P...P......P..P.#.#.#.###..#


There were no monsters in sight!

Vanquished Creatures
  A gnoll (D:1)
  2 adders (D:2)
  2 worms (D:2)
  A dart slug (D:1)
  4 ball pythons
  6 endoplasms
  3 giant cockroaches
  5 goblins
  3 hobgoblins
  5 kobolds (D:1)
  3 quokkas
  A bat (D:2)
  3 frilled lizards
  3 rats
42 creatures vanquished.

Vanquished Creatures (collateral kills)
  A bat (D:2)
  A rat (D:1)
2 creatures vanquished.

Grand Total: 44 creatures vanquished

Notes
Turn   | Place    | Note
-------+----------+-------------------------------------------
     0 | D:1      | 112233 the Demonspawn Necromancer began the quest for the
                  | Orb.
     0 | D:1      | Reached XP level 1. HP: 13/13 MP: 3/3
   172 | D:1      | Gained mutation: You are partially covered in slimy green
                  | scales. (AC +2) [demonic ancestry]
   172 | D:1      | Reached XP level 2. HP: 19/19 MP: 0/5
   902 | D:1      | Gained mutation: You have a pair of small antennae on your
                  | head. [demonic ancestry]
   902 | D:1      | Reached XP level 3. HP: 24/24 MP: 0/7
  1871 | D:2      | Gained mutation: You sometimes gain a little power by
                  | taking damage. [demonic ancestry]
  1871 | D:2      | Reached XP level 4. HP: 26/30 MP: 9/9
  2288 | D:$      | Got out of the dungeon alive.

Illustrated notes

Levels and vault maps discovered:
D:1:      lemuel_arrival_muddy, layout_basic
D:2:      layout_basic, columned_hall_lemuel

Skill      XL: |  1  2 |
---------------+-------+-----
Stealth        | 2 |  2.0
Dodging        | 2 |  2.0
Spellcasting   | 3 |  3.9
Necromancy     | |  4.5

Action                     |  1- 3 |  4- 6 || total
---------------------------+-------+-------++-------
  Melee: Unarmed           |     9 |       ||     9
         Whip              |     6 |       ||     6
         Dagger            |    39 |    24 ||    63
   Cast: Necrotise         |    43 |     3 ||    46
   Stab: Sleeping          |     6 |       ||     6
 Armour: Robe              |    16 |     6 ||    22
  Dodge: Dodged            |    34 |    18 ||    52

Table legend: (Time is in decaauts)
 A = Elapsed time spent in this place.
 B = Non-inter-level travel time spent in this place.
 C = Inter-level travel time spent in this place.
 D = Time resting spent in this place.
 E = Time spent auto-exploring this place.
 F = Levels seen in this place.
 G = Mean time per level.
                   A        B        C        D        E       F      G
               +--------+--------+--------+--------+--------+-----+--------+
         Total |   2292 |   2144 |    148 |     47 |   1788 |   2 | 1146.0 |
       Dungeon |   2292 |   2144 |    148 |     47 |   1788 |   2 | 1146.0 |
               +--------+--------+--------+--------+--------+-----+--------+

Top non-repeatable levels by time:
     D:1: 1432 daAuts
     D:2: 859 daAuts
